 Dungeon Crawl Stone Soup version 0.30.0-19-g36f170ea60 (webtiles) character file.

Game seed: 5402317627506490766

1893 cdecastro the Skirmisher (level 9, -10/64 HPs)
             Began as a Formicid Hunter on May 29, 2023.
             Was a Believer of Fedhas.
             Mangled by Maggie
             ... wielding a +2 morningstar of distortion
              (13 damage)
             ... on level 7 of the Dungeon.
             The game lasted 00:13:08 (5663 turns).

cdecastro the Skirmisher (Formicid Hunter)          Turns: 5663, Time: 00:13:09

Health: -10/64     AC:  7    Str: 25    XL:     9   Next: 37%
Magic:  9/9        EV: 15    Int: 12    God:    Fedhas [**....]
Gold:   381        SH:  0    Dex: 13    Spells: 8/8 levels left

rFire   . . .        w - +3 sling of Bloodstone {drain, Str+5 Int+3 Dex-4}
rCold   . . .        (no shield)
rNeg    . . .        d - +0 scale mail
rPois   .            (helmet unavailable)
rElec   .            (no cloak)
rCorr   .            (no gloves)
SInv    +            F - +0 pair of boots
Will    +....        (no amulet)
Stlth   x              - ring of willpower
HPRegen 0.30/turn    c - +5 ring of evasion
MPRegen 0.11/turn

%: no passive effects
@: no status effects
A: permanent stasis, dig shafts and tunnels, antennae 3, four strong arms
a: Dig, Shaft Self, Renounce Religion, Wall of Briars


You were on level 7 of the Dungeon.
You worshipped Fedhas.
Fedhas was pleased with you.
You visited 2 branches of the dungeon, and saw 8 of its levels.

You collected 381 gold pieces.

Inventory:

Hand Weapons
 a - a +0 shortbow
 w - the +3 sling of Bloodstone (weapon) {drain, Str+5 Int+3 Dex-4}
   (You found it on level 3 of the Dungeon)

   Str:       It affects your strength (+5).
   Int:       It affects your intelligence (+3).
   Dex:       It affects your dexterity (-4).
Missiles
 s - 3 javelins
 u - 13 poisoned darts
Armour
 d - a +0 scale mail (worn)
 F - a +0 pair of boots (worn)
Magical Staves
 l - a staff of fire
Jewellery
 c - a +5 ring of evasion (right hand)
 f - a ring of protection from fire
 x - a ring of willpower (left hand)
 C - an amulet of magic regeneration
Wands
 t - a wand of flame (13)
 B - a wand of mindburst (23)
 D - a wand of paralysis (5)
Scrolls
 b - a scroll of immolation
 k - 2 scrolls of enchant armour {unknown}
 n - a scroll of vulnerability {unknown}
 o - 2 scrolls of amnesia {unknown}
 p - 2 scrolls of fog {unknown}
 q - 2 scrolls of poison {unknown}
 r - 2 scrolls of butterflies
 y - a scroll of silence {unknown}
 A - 2 scrolls of noise {unknown}
 E - 3 scrolls of fear
Potions
 e - 2 potions of brilliance
 g - a potion of resistance
 h - a potion of heal wounds
 i - a potion of attraction
 j - a potion of might
 m - a potion of curing
 v - a potion of lignification {unknown}
 z - a potion of invisibility
 G - a potion of flight


   Skills:
 + Level 3.5 Fighting
 - Level 12.0 Ranged Weapons
 - Level 1.7 Dodging
 - Level 1.2 Stealth


You had 8 spell levels left.
You didn't know any spells.
Your spell library contained the following spells:

 Spells                   Type           Power      Damage    Failure   Level
 Inner Flame              Hex/Fire       0%         N/A       94%         3
 Flame Wave               Conj/Fire      0%         2d4       100%        4
 Sticky Flame             Conj/Fire      0%         2d3       100%        4


Dungeon Overview and Level Annotations

Branches:
Dungeon (7/15)             Temple (1/1) D:6

Altars:
Ashenzari
Dithmenos
Elyvilon
Fedhas
Gozag
Hepliaklqana
Kikubaaqudgha
Makhleb
Nemelex Xobeh
Okawaru
Qazlal
Ru
Sif Muna
Trog
Uskayaw
Vehumet
Wu Jian
Xom
Yredelemnul
Zin
The Shining One

Annotations:
D:4 3 runed translucent doors, Kamelo's ghost, amateur GrEE
D:5 Pikel
D:7 Maggie


Innate Abilities, Weirdness & Mutations

You cannot be hasted, slowed, berserked, paralysed or teleported.
You can dig through walls and to a lower floor.
You have a pair of large antennae on your head. (SInv)
Your four strong arms can wield two-handed weapons with a shield.


Message History

You shoot a sling bullet.
The sling bullet hits Maggie but does no damage.
You drain Maggie.
Maggie is severely wounded.
Maggie gestures wildly while chanting.
Maggie attempts to bespell you! You resist with almost no effort.
You shoot a sling bullet. The sling bullet barely misses Maggie.
Maggie hits you with a +2 morningstar of distortion.
Space warps horribly around you!
You shoot a sling bullet. The sling bullet closely misses Maggie.
Maggie casts a spell.
Maggie attempts to bespell you! You resist with almost no effort.
You shoot a sling bullet. The sling bullet closely misses Maggie.
Maggie mumbles some strange words.
Maggie attempts to bespell you! You resist with some effort.
You shoot a sling bullet. The sling bullet hits Maggie.
Maggie is almost dead.
Maggie gestures at you while chanting. The bolt of fire hits you!!
* * * LOW HITPOINT WARNING * * *
You shoot a sling bullet.
The sling bullet hits Maggie but does no damage.
You drain Maggie.
Maggie is almost dead.
You shoot a sling bullet. The sling bullet barely misses Maggie.
Maggie mumbles some strange words.
Maggie attempts to bespell you! You resist with almost no effort.
You shoot a sling bullet. The sling bullet hits Maggie.
Maggie is almost dead.
Maggie hits you with a +2 morningstar of distortion.
* * * LOW HITPOINT WARNING * * *
Space warps horribly around you!
* * * LOW HITPOINT WARNING * * *
You shoot a sling bullet. The sling bullet barely misses Maggie.
Maggie practices a pose.
Maggie hits you with a +2 morningstar of distortion.
* * * LOW HITPOINT WARNING * * *
Space warps horribly around you!
You die...
Fedhas appreciates your contribution to the ecosystem.

......... $....... . #
.......###.##
.#########.#........#...
............ #..........
.<..........##........
.......####........#
..##........##..@@.#
........######.....##
.######..# #####..##
.........# ##..#
....###..## ##[# #
....####..# ####.#.#
#.....#.#### #......#
#####......####......#
###..............#


You could see Maggie (very drained).

Vanquished Creatures
  Prince Ribbit (D:4)
  Grinder (D:3)
  A steam dragon (D:6)
  A water moccasin (D:5)
  A sky beast (D:6)
  2 ice beasts (D:6)
  3 ogres
  A lemure (D:5)
  Blork the orc (D:5)
  2 scorpions
  A hound (D:5)
  3 orc priests (D:5)
  4 jellies
  3 iguanas
  3 orc wizards (D:5)
  3 gnolls (D:5)
  6 adders
  A white imp (D:6)
  4 ufetubi
  4 worms
  3 dart slugs
  6 orcs
  5 ball pythons
  3 endoplasms
  A giant cockroach (D:1)
  2 hobgoblins
  8 kobolds
  3 quokkas
  4 bats
  3 frilled lizards
  6 goblins
  5 rats
95 creatures vanquished.

Notes
Turn   | Place    | Note
-------+----------+-------------------------------------------
     0 | D:1      | cdecastro the Formicid Hunter began the quest for the Orb.
     0 | D:1      | Reached XP level 1. HP: 16/16 MP: 1/1
    55 | D:1      | Reached XP level 2. HP: 22/22 MP: 2/2
   347 | D:1      | Reached XP level 3. HP: 24/27 MP: 3/3
   728 | D:2      | Reached skill level 5 in Ranged Weapons
  1251 | D:2      | Reached XP level 4. HP: 30/33 MP: 4/4
  1607 | D:3      | Noticed Grinder
  1850 | D:4      | Noticed an ogre
  1935 | D:3      | Found a blossoming altar of Fedhas.
  1940 | D:3      | Found a stormy altar of Qazlal.
  1947 | D:3      | Became a worshipper of Fedhas Madash
  2112 | D:3      | Identified the +3 sling of Bloodstone {drain, Str+5 Int+3
                  | Dex-4}
  2165 | D:3      | Killed Grinder
  2166 | D:3      | Reached skill level 7 in Ranged Weapons
  2166 | D:3      | Reached XP level 5. HP: 31/38 MP: 5/5
  2166 | D:3      | Reached XP level 6. HP: 37/44 MP: 6/6
  2646 | D:4      | Found a runed translucent gate.
  2646 | D:4      | Found a runed translucent gate.
  2647 | D:4      | Found a runed translucent gate.
  2650 | D:4      | Noticed Kamelo's ghost (amateur GrEE)
  2829 | D:4      | Reached XP level 7. HP: 31/50 MP: 7/7
  3033 | D:4      | Reached skill level 8 in Ranged Weapons
  3302 | D:5      | Entered Level 5 of the Dungeon
  3423 | D:5      | Reached * piety under Fedhas
  3532 | D:5      | Noticed Prince Ribbit
  3555 | D:5      | Reached skill level 9 in Ranged Weapons
  3733 | D:5      | Noticed Blork the orc
  3743 | D:5      | Killed Blork the orc
  3744 | D:5      | Reached XP level 8. HP: 34/56 MP: 8/8
  3940 | D:5      | Noticed Pikel
  4060 | D:4      | Killed Prince Ribbit
  4061 | D:4      | Reached skill level 10 in Ranged Weapons
  4847 | D:6      | Reached skill level 11 in Ranged Weapons
  4876 | D:6      | Reached XP level 9. HP: 61/61 MP: 9/9
  4945 | D:6      | Found a staircase to the Ecumenical Temple.
  4972 | Temple   | Entered the Ecumenical Temple
  5230 | D:6      | Reached skill level 12 in Ranged Weapons
  5240 | D:6      | Reached ** piety under Fedhas
  5537 | D:6      | Found a hide-covered altar of Uskayaw.
  5544 | D:6      | Found a shimmering blue altar of Sif Muna.
  5642 | D:7      | Noticed Maggie
  5663 | D:7      | HP: 3/64 [Maggie/+2 morningstar of distortion (5)]
  5663 | D:7      | Mangled by Maggie

Illustrated notes

Levels and vault maps discovered:
D:1:      scummos_arrival_forest, layout_basic, minivault_27
D:2:      layout_basic
D:3:      layout_basic, grunt_temple_overflow_forces_of_nature, uniq_grinder
D:4:      layout_loops_ring, biasface_ghost_orc_armoury
D:5:      layout_loops_cross, uniq_blork_the_orc, uniq_pikel,
          uniq_prince_ribbit1
D:6:      layout_cave_pools, amethyst_overflow_temple_binary,
          minmay_temple_entry_ruins
D:7:      layout_rooms, minmay_joined_circles, uniq_maggie
Temple:   minmay_crystal_spiral_temple

Skill      XL: |  1  2  3  4  5  6  7  8  9 |
---------------+----------------------------+-----
Ranged Weapons | 5 7 9 11 12 | 12.0
Fighting       | 3 |  3.5
Dodging        | |  1.7
Stealth        | |  1.2

Action                     |  1- 3 |  4- 6 |  7- 9 || total
---------------------------+-------+-------+-------++-------
   Fire: Shortbow          |    77 |    88 |       ||   165
         Sling             |       |    29 |   275 ||   304
    Use: Scroll            |       |       |    12 ||    12
 Armour: Scale mail        |    18 |    27 |    31 ||    76
  Dodge: Dodged            |    15 |    50 |    86 ||   151
